 Dungeon Crawl Stone Soup version 0.28-a0-998-gb9e9c7b67e (webtiles) character file.

Game seed: 6574526763878809084

68 horus123 the Conjurer (level 4, -3/24 HPs)
             Began as a Deep Elf Conjurer on Dec 5, 2021.
             Slain by Sigmund (14 damage)
             ... on level 2 of the Dungeon.
             The game lasted 00:03:29 (1938 turns).

horus123 the Conjurer (Deep Elf Conjurer)           Turns: 1938, Time: 00:03:30

Health: -3/24      AC:  2    Str:  4    XL:     4   Next: 1%
Magic:  12/12      EV: 12    Int: 25    God:
Gold:   44         SH:  0    Dex: 13    Spells: 1/11 levels left

rFire   . . .      SeeInvis .   d - +0 dagger (venom)
rCold   . . .      Faith    .   (no shield)
rNeg    . . .      Spirit   .   a - +0 robe
rPois   .          Reflect  .   (no helmet)
rElec   .          Harm     .   (no cloak)
rCorr   .          Rampage  .   (no gloves)
Will    .....                   (no boots)
Stlth   +.........              (no amulet)
HPRegen 0.08/turn               (no ring)
MPRegen 0.13/turn               (no ring)

@: confused
A: no striking features
a: no special abilities


You were on level 2 of the Dungeon.
You visited 1 branch of the dungeon, and saw 2 of its levels.

You collected 44 gold pieces.

Inventory:

Hand Weapons
 d - a +0 dagger of venom (weapon)
Armour
 a - a +0 robe (worn)
 b - a +3 leather armour


   Skills:
 - Level 2.4 Dodging
 - Level 2.4 Stealth
 - Level 4.0 Spellcasting
 + Level 5.0 Conjurations
 - Level 3.0 Hexes


You had one spell level left.
You knew the following spells:

 Your Spells              Type           Power      Damage    Failure   Level
a - Magic Dart            Conj           100%       1d8       1%          1
b - Searing Ray           Conj           60%        2d6       1%          2
c - Dazzling Flash        Conj/Hex       50%        N/A       5%          3
d - Fulminant Prism       Conj/Hex       12%        3d9       17%         4

Your spell library contained the following spells:

 Spells                   Type           Power      Damage    Failure   Level
 Foxfire                  Conj/Fire      68%        2x1d7     3%          1
 Iskenderun's Mystic Bla  Conj/Tloc      17%        2d5       32%         4


Dungeon Overview and Level Annotations

Branches:
Dungeon (2/15)

Altars:

Shops:
D:1 [

Annotations:
D:2 Sigmund


Message History

The magic dart hits the ball python.
You kill the ball python!
A hobgoblin is nearby!
The magic dart hits the hobgoblin.
You kill the hobgoblin!
Your Hexes skill increases to level 3!
You have reached level 4!
You feel clever.
This spell is potentially lethal to cast!
Memorise Fulminant Prism, consuming 4 spell levels and leaving 1?
You start memorising the spell.
You continue memorising. x4
You finish memorising.
Spell assigned to 'd'.
A bat comes into view.
The magic dart hits the bat.
You kill the bat!
You can't see any susceptible monsters within range! (Use Z to cast anyway.) Sigmund the Dreaded comes into view.
He is wielding a +2 scythe of protection.
Found a book of Cantrips.
Sigmund shouts!
Sigmund casts a spell at you.
You are confused.
You're too confused to cast spells.
Unknown command.
Sigmund gestures at you while chanting.
You are more confused.
Sigmund gestures wildly while chanting.
Sigmund flickers and vanishes!
Deactivating autopickup; reactivate with Ctrl-A.
You bump into the rock wall.
You're too confused to move!
Something hits you.
You're too confused to move!
You bump into the rock wall.
You feel less confused. Something hits you!
Found a helmet.
You are confused.
You are more confused.
Something hits you!
Ouch! That really hurt!
You die...

...........#.# ............[# .#
... .##..........##
..###..#.....
..............###.##..##.....
.##.......#.....#............
.#........##....#..........#
........†.####..)..........#
..##.#########.............#
..##.# #####....@..........#
#..#.###.............<.....#
##.(...#.###...............##
#.......###................#
#......................###.##
#.....#####............###..#
#..........#.....)...........#
#..............)).....<.#######
...........########.....#.[...##


There were no monsters in sight!

Vanquished Creatures
  An orc priest (D:2)
  An adder (D:2)
  A worm (D:2)
  2 orcs (D:2)
  2 bats
  2 endoplasms (D:1)
  2 giant cockroaches (D:1)
  3 goblins
  2 hobgoblins
  2 jackals (D:1)
  2 kobolds (D:1)
  2 quokkas (D:1)
  2 ball pythons
24 creatures vanquished.

Notes
Turn   | Place    | Note
-------+----------+-------------------------------------------
     0 | D:1      | horus123 the Deep Elf Conjurer began the quest for the Orb.
     0 | D:1      | Reached XP level 1. HP: 10/10 MP: 6/6
   135 | D:1      | Found a faded altar of an unknown god.
   145 | D:1      | Got Plato's Guide on Combat Magic
   449 | D:1      | Reached XP level 2. HP: 15/15 MP: 6/9
   456 | D:1      | Learned a level 2 spell: Searing Ray
   626 | D:1      | Found Zepy's Armour Shop.
  1447 | D:2      | Reached skill level 5 in Conjurations
  1447 | D:2      | Reached XP level 3. HP: 19/19 MP: 7/10
  1451 | D:2      | Learned a level 3 spell: Dazzling Flash
  1866 | D:2      | Reached XP level 4. HP: 24/24 MP: 8/12
  1871 | D:2      | Learned a level 4 spell: Fulminant Prism
  1906 | D:2      | Noticed Sigmund
  1938 | D:2      | Slain by Sigmund

Illustrated notes

Levels and vault maps discovered:
D:1:      psy_arrival_radial02, layout_loops_corners, serial_shops,
          nicolae_shop_competitors_out_of_business,
          shapermc_ecumenical_altar_rom_forum
D:2:      layout_rooms, serial_shops, nicolae_square_shop, uniq_sigmund

Skill      XL: |  1  2  3 |
---------------+----------+-----
Spellcasting   | 4 |  4.0
Conjurations   | 5 |  5.0
Hexes          | 3 |  3.0
Dodging        | |  2.4
Stealth        | |  2.4

Action                   |  1- 3 |  4- 6 || total
-------------------------+-------+-------++-------
 Cast: Magic Dart        |    61 |     1 ||    62
       Searing Ray       |     1 |       ||     1
  Use: Scroll            |     3 |       ||     3
Dodge: Dodged            |     5 |       ||     5

Table legend: (Time is in decaauts)
 A = Elapsed time spent in this place.
 B = Non-inter-level travel time spent in this place.
 C = Inter-level travel time spent in this place.
 D = Time resting spent in this place.
 E = Time spent auto-exploring this place.
 F = Levels seen in this place.
 G = Mean time per level.
                   A        B        C        D        E       F      G
               +--------+--------+--------+--------+--------+-----+--------+
         Total |   1938 |   1860 |     78 |     89 |   1456 |   2 |  969.0 |
       Dungeon |   1938 |   1860 |     78 |     89 |   1456 |   2 |  969.0 |
               +--------+--------+--------+--------+--------+-----+--------+

Top non-repeatable levels by time:
     D:1: 1670 daAuts
     D:2: 268 daAuts
